 Dungeon Crawl Stone Soup version 0.21.0-3-g78d12a8 (webtiles) character file.

27008 quantumfuzzball the Basher (level 13, -20/84 HPs)
             Began as a Gargoyle Fighter on Jan 15, 2018.
             Was an Elder of Okawaru.
             Killed from afar by a lindwurm (48 damage)
             ... with a blast of flame
             ... in a volcano.
             The game lasted 01:05:47 (17363 turns).

quantumfuzzball the Basher (Gargoyle Fighter)      Turns: 17363, Time: 01:05:48

Health: -20/84     AC: 32    Str: 28    XL:     13   Next: 29%
Magic:  15/17      EV: 12    Int:  9    God:    Okawaru [****..]
Gold:   1276       SH: 18    Dex:  9    Spells: 12/12 levels left

rFire    . . .     SeeInvis .   q - +0 morningstar
rCold    + + .     Gourm    .   c - +0 shield
rNeg     + . .     Faith    .   M - +0 ice dragon scales
rPois    ∞         Spirit   .   i - +2 hat {MR+}
rElec    +         Reflect  +   (no cloak)
rCorr    .         Harm     .   a - +0 pair of gloves
MR       +....     Clarity  +   k - +0 pair of boots
Stlth    +.........             E - +4 amulet of reflection
HPRegen  0.24/turn              h - +5 ring of slaying
MPRegen  0.15/turn              K - ring of Ytaurok {rPois rF+ Str+3}

@: heroism
A: icy blue scales 1, clarity, negative energy resistance 1, screaming 1,
electricity resistance, unbreathing, petrification resistance, rot immunity,
subdued magic 1, AC +9
a: Heroism, Renounce Religion


You were in a volcano.
You worshipped Okawaru.
Okawaru was greatly pleased with you.
You were not hungry.

You visited 3 branches of the dungeon, and saw 16 of its levels.
You also visited: Volcano.

You collected 1276 gold pieces.

Inventory:

Hand Weapons
 d - a +0 falchion of flaming
 q - a +0 morningstar (weapon)
 r - a +0 whip of freezing
 u - the cursed +13 scythe of Curses {drain, *Curse}
   (You found it on level 4 of the Dungeon)

   A truly terrible weapon, it drains the life of those it strikes.
   It curses itself when equipped.
   It has a curse placed upon it.
 N - a +3 dagger of holy wrath
 O - a +0 hand crossbow
Missiles
 A - 4 throwing nets (quivered)
Armour
 a - a +0 pair of gloves (worn)
 c - a +0 shield (worn)
 i - a +2 hat of magic resistance (worn)
 k - a +0 pair of boots (worn)
 B - a +2 troll leather armour {Snorg}
 M - +0 ice dragon scales (worn)
 V - the +0 cloak "Abbost" {MR- Dex+4 Slay+6}
   (Okawaru gifted it to you on level 1 of the Lair of Beasts)

   It affects your dexterity (+4).
   It affects your accuracy and damage with ranged weapons and melee attacks
   (+6).
   It affects your resistance to hostile enchantments.
Jewellery
 h - a +5 ring of slaying (left hand)
 w - an uncursed ring of stealth
 E - a +4 amulet of reflection (around neck)
 K - the ring of Ytaurok (right hand) {rPois rF+ Str+3}
   (You found it on level 10 of the Dungeon)

   [ring of poison resistance]

   It affects your strength (+3).
   It protects you from fire.
   It protects you from poison.
 Q - an uncursed ring of protection from cold
 T - an uncursed ring of magical power
Wands
 P - a wand of clouds (1)
 R - a wand of paralysis (12)
 S - a wand of iceblast (3)
 U - a wand of flame (19)
Scrolls
 b - 7 scrolls of enchant weapon
 e - 8 scrolls of remove curse
 g - 2 scrolls of noise
 m - 2 scrolls of magic mapping
 s - 10 scrolls of teleportation
 y - 4 scrolls of enchant armour
 F - a scroll of torment {unknown}
 H - 4 scrolls of amnesia
 J - a scroll of fog {unknown}
Potions
 j - 7 potions of curing
 l - 3 potions of lignification {unknown}
 n - 3 potions of ambrosia {unknown}
 o - 3 potions of resistance {unknown}
 t - 2 potions of haste {unknown}
 x - 3 potions of agility
 z - 2 potions of invisibility
 I - 2 potions of heal wounds
Books
 C - a book of Flames

   Spells                             Type                      Level
   a - Flame Tongue                   Conjuration/Fire             1
   b - Throw Flame                    Conjuration/Fire             2
   c - Conjure Flame                  Conjuration/Fire             3
   d - Inner Flame                    Hexes/Fire                   3
   e - Sticky Flame                   Conjuration/Fire             4
   f - Fireball                       Conjuration/Fire             5
 G - a book of Conjurations

   Spells                             Type                      Level
   a - Magic Dart                     Conjuration                  1
   b - Searing Ray                    Conjuration                  2
   c - Dazzling Spray                 Conjuration/Hexes            3
   d - Fulminant Prism                Conjuration/Hexes            4
   e - Force Lance                    Conjuration/Translocation    4
   f - Iskenderun's Mystic Blast      Conjuration                  4
 X - a book of Geomancy

   Spells                             Type                      Level
   a - Sandblast                      Earth                        1
   b - Passwall                       Transmutation/Earth          2
   c - Stone Arrow                    Conjuration/Earth            3
   d - Petrify                        Transmutation/Earth          4
   e - Lee's Rapid Deconstruction     Earth                        5
Miscellaneous
 p - a crystal ball of energy
 L - a lamp of fire
 W - a fan of gales
Comestibles
 f - 20 rations


   Skills:
 * Level 11.5(16.5) Fighting
 + Level 12.9(17.9) Maces & Flails
 * Level 11.5(16.5) Armour
 + Level 11.0(16.0) Shields
 + Level 5.4 Invocations


You had 12 spell levels left.
You didn't know any spells.

Dungeon Overview and Level Annotations

Branches:
Dungeon (12/15)            Temple (1/1) D:7            Lair (3/6) D:9
 Spider (0/4) Lair:3          Orc (0/2) D:11
  Swamp: Lair:2-4    Shoals: Lair:2-4

Altars:
Ashenzari
Cheibriados
Dithmenos
Elyvilon
Fedhas
Gozag
Hepliaklqana
Kikubaaqudgha
Makhleb
Nemelex Xobeh
Okawaru
Qazlal
Ru
Sif Muna
Trog
Uskayaw
Vehumet
Wu Jian
Xom
Yredelemnul
Zin
The Shining One

Annotations:
D:11 Erolcha
Lair:1 exclusion: 2 oklob plants


Innate Abilities, Weirdness & Mutations

You are resistant to torment.
Your stone body is resilient. (AC +9)
You are immune to poison.
You resist negative energy. (rN+)
You are resistant to electric shocks. (rElec)
You can survive without breathing.
You are immune to petrification.
You are immune to rotting.
You are partially covered in icy blue scales. (AC +2)
You possess an exceptional clarity of mind.
You occasionally shout uncontrollably at your foes.
Your spells are a little easier to cast, but a little less powerful.


Message History

The lindwurm breathes flames at you. The blast of flame hits you!
The lindwurm breathes flames at you. The blast of flame misses you.
The lindwurm breathes flames at you. The blast of flame hits you!
You open the door. The lindwurm breathes flames at you.
The blast of flame hits you!
A molten gargoyle and an earth elemental come into view.
The lindwurm breathes flames at you. The blast of flame hits you!
There is an open door here.
The molten gargoyle blasts magma at you!
The bolt of magma hits you!
You gain the combat prowess of a mighty hero.
The lindwurm breathes flames at you. The blast of flame hits you!
Ouch! That really hurt!
You die...

##..## #....# ###
##.≈≈.## ## #.##
#..≈≈§.# #.## ...##
##.§≈≈§.## #...#
....###..≈≈≈≈..#
#9....
.....##.≈≈.k≈≈.##.E..
####..#.≈≈.k≈≈.#..#
≈≈###.'###≈≈###'@#
≈§≈≈#### #### ####
§§≈§≈§'#
≈≈≈≈§.#§§≈≈≈≈ ≈≈§§§##
E≈≈≈≈ ....## §≈≈≈
...## ≈≈. #.## ≈. ###
.


You could see 2 lindwurms, an earth elemental and a molten gargoyle.

Vanquished Creatures
  Snorg (D:10)
  Harold (Lair:1)
  6 hydras
  Erica (D:10)
  3 two-headed ogres
  The ghost of tonedabs the Slasher, a novice DsAK of Lugonu (D:9)
  Nergalle (Lair:1)
  Sonja (Lair:2)
  An unseen horror (D:12)
  The ghost of quantumfuzzball the Basher, a novice GrFi (D:8)
  2 ugly things
  A cyclops (D:11)
  A black mamba (Lair:1)
  4 centaur zombies
  A molten gargoyle (Volcano)
  Psyche (D:12)
  2 spiny frogs (Lair:1)
  2 komodo dragons (Lair:2)
  3 efreet (Volcano)
  A troll (D:12)
  2 dream sheep (D:8)
  3 hippogriffs
  3 fire elementals (Volcano)
  5 yaks
  A basilisk (D:12)
  A hungry ghost (D:11)
  The ghost of blownbattery the Skirmisher, an amateur HOFi of Hepliaklqana (D:3)
  5 water moccasins
  3 porcupines
  Duvessa (D:6)
  6 orc warriors
  6 ice beasts
  4 sky beasts
  An eye of draining (D:9)
  2 black bears
  2 phantoms
  A hornet zombie (D:10)
  2 necrophages
  4 crocodiles
  2 ogres
  A centaur (D:8)
  7 big kobolds
  3 earth elementals (Volcano)
  12 bullfrogs
  Dowan (D:6)
  A wyvern skeleton (D:9)
  3 scorpions
  6 killer bees
  2 wights
  An electric eel (Lair:2)
  6 crimson imps
  A quasit (D:9)
  A bullfrog zombie (D:6)
  A gnoll shaman (D:7)
  A jelly (D:9)
  4 hounds
  14 orc wizards
  3 bullfrog skeletons
  3 centaur skeletons
  6 orc priests
  3 iguanas
  9 hell rats (Lair:2)
  10 worker ants
  A killer bee zombie (D:6)
  A hound zombie (D:6)
  11 gnolls
  12 adders
  10 river rats (Lair:2)
  2 shadow imps
  An adder zombie (D:9)
  5 worms
  8 leopard geckos
  47 orcs
  3 giant cockroaches
  8 goblins
  6 hobgoblins
  4 jackals
  22 kobolds
  11 quokkas
  4 bats
  5 frilled lizards
  A jackal zombie (D:8)
  15 rats
  A spectral orc (D:6)
  2 fire vortices (Volcano)
  A fungus (D:9)
  A plant (Lair:1)
371 creatures vanquished.

Vanquished Creatures (others)
  Joseph (Lair:1)
  A black bear (D:6)
  2 ogres (D:6)
  5 centaurs (D:9)
  A jelly (D:6)
  A shadow imp (D:6)
  A jackal zombie (D:6)
  A fungus (Lair:1)
  A plant (Lair:1)
14 creatures vanquished.

Grand Total: 385 creatures vanquished

Notes
Turn   | Place    | Note
-------+----------+-------------------------------------------
     0 | D:1      | quantumfuzzball the Gargoyle Fighter began the quest for the Orb.
     0 | D:1      | Reached XP level 1. HP: 14/14 MP: 1/1
    75 | D:1      | Reached XP level 2. HP: 15/19 MP: 2/2
   955 | D:2      | Reached XP level 3. HP: 23/23 MP: 3/3
  1303 | D:2      | Reached XP level 4. HP: 29/29 MP: 4/4
  1450 | D:2      | Reached skill level 3 in Maces & Flails
  1984 | D:2      | Found a deep blue altar of Sif Muna.
  2198 | D:3      | Found a shattered altar of Ashenzari.
  2326 | D:3      | Noticed blownbattery's ghost (amateur HOFi)
  2693 | D:3      | Killed blownbattery's ghost
  2693 | D:3      | Reached skill level 4 in Maces & Flails
  2693 | D:3      | Reached XP level 5. HP: 11/34 MP: 5/5
  2693 | D:3      | Reached XP level 6. HP: 13/39 MP: 6/6
  3412 | D:3      | Found an ancient bone altar of Kikubaaqudgha.
  3912 | D:4      | Found the cursed +13 scythe of Curses {drain, *Curse}
  4198 | D:4      | Reached XP level 7. HP: 38/44 MP: 7/7
  4593 | D:4      | Reached skill level 5 in Fighting
  4597 | D:4      | Reached skill level 5 in Maces & Flails
  4865 | D:5      | Entered Level 5 of the Dungeon
  4900 | D:5      | Reached skill level 5 in Armour
  4900 | D:5      | Reached skill level 5 in Shields
  5181 | D:5      | Gained mutation: You occasionally shout uncontrollably at your foes. [potion of mutation]
  5181 | D:5      | Gained mutation: Your spells are a little easier to cast, but a little less powerful. [potion of mutation]
  5181 | D:5      | Gained mutation: You are partially covered in icy blue scales. (AC +2) [potion of mutation]
  5181 | D:5      | Gained mutation: You possess an exceptional clarity of mind. [potion of mutation]
  5547 | D:5      | Reached XP level 8. HP: 47/50 MP: 8/8
  5783 | D:6      | Found a basalt altar of Yredelemnul.
  5809 | D:6      | Reached skill level 6 in Maces & Flails
  5848 | D:6      | Noticed Duvessa
  5849 | D:6      | Noticed Dowan
  5868 | D:6      | Killed Duvessa
  5882 | D:6      | Killed Dowan
  6455 | D:6      | Found a shimmering altar of Xom.
  6461 | D:6      | Reached skill level 7 in Maces & Flails
  6622 | D:7      | Reached XP level 9. HP: 56/56 MP: 9/9
  6758 | D:7      | Found a radiant altar of Vehumet.
  6787 | D:7      | Found a staircase to the Ecumenical Temple.
  6795 | Temple   | Entered the Ecumenical Temple
  7367 | D:8      | Reached skill level 8 in Maces & Flails
  7469 | D:8      | Noticed quantumfuzzball's ghost (novice GrFi)
  7656 | D:8      | Killed quantumfuzzball's ghost
  7656 | D:8      | Reached skill level 9 in Maces & Flails
  7656 | D:8      | Reached XP level 10. HP: 48/64 MP: 10/10
  7758 | D:8      | Noticed a three-headed hydra
  7774 | D:8      | Killed a one-headed hydra
  7973 | D:8      | Found a glowing golden altar of the Shining One.
  7974 | D:8      | Found a stormy altar of Qazlal.
  7975 | D:8      | Found an iron altar of Okawaru.
  7976 | D:8      | Found a sparkling altar of Nemelex Xobeh.
  7976 | D:8      | Found a shadowy altar of Dithmenos.
  7978 | D:8      | Found a sacrificial altar of Ru.
  7979 | D:8      | Found a snail-covered altar of Cheibriados.
  7985 | D:8      | Became a worshipper of Warmaster Okawaru
  8763 | D:9      | Noticed tonedabs's ghost (novice DsAK)
  8830 | D:9      | Killed tonedabs's ghost
  8919 | D:9      | Reached skill level 10 in Maces & Flails
  9120 | D:9      | Reached * piety under Okawaru
  9238 | D:9      | Found a staircase to the Lair.
  9455 | D:9      | Noticed a two-headed ogre
  9558 | D:9      | Noticed an angel
  9560 | D:9      | Found a shimmering altar of Xom.
  9560 | D:9      | Found a glowing silver altar of Zin.
  9596 | D:9      | Killed a two-headed ogre
 10182 | D:10     | Entered Level 10 of the Dungeon
 10207 | D:9      | Reached XP level 11. HP: 69/69 MP: 11/11
 10210 | D:9      | Reached ** piety under Okawaru
 10449 | D:10     | Noticed a two-headed ogre
 10469 | D:10     | Killed a two-headed ogre
 10523 | D:9      | Reached skill level 11 in Maces & Flails
 10749 | D:10     | Got a steaming marble ring
 10750 | D:10     | Identified the ring of Ytaurok {rPois rF+ Str+3} (You found it on level 10 of the Dungeon)
 10754 | D:10     | Identified a scroll of acquirement
 10886 | D:10     | Noticed Erica
 10901 | D:10     | Killed Erica
 11035 | D:10     | Found a sacrificial altar of Ru.
 11041 | D:10     | Noticed Snorg
 11060 | D:10     | Killed Snorg
 11062 | D:10     | Reached *** piety under Okawaru
 11777 | D:11     | Noticed a cyan ugly thing
 11805 | D:11     | Killed a cyan ugly thing
 11862 | D:11     | Found a staircase to the Orcish Mines.
 11902 | D:11     | Noticed a six-headed hydra
 11916 | D:11     | Killed a one-headed hydra
 11916 | D:11     | Reached skill level 1 in Invocations
 12029 | D:11     | Noticed Erolcha
 12575 | D:11     | Noticed a cyclops
 12597 | D:12     | Noticed a two-headed ogre
 12613 | D:11     | Killed a cyclops
 12613 | D:11     | Reached XP level 12. HP: 60/77 MP: 10/13
 12805 | D:12     | Reached skill level 10 in Fighting
 12805 | D:12     | Reached skill level 12 in Maces & Flails
 12985 | D:12     | Reached **** piety under Okawaru
 12985 | D:12     | Reached skill level 10 in Armour
 12985 | D:12     | Reached skill level 10 in Shields
 13478 | D:12     | Killed a two-headed ogre
 13713 | D:12     | Noticed Psyche
 13730 | D:12     | Killed Psyche
 13749 | D:12     | Found an iron altar of Okawaru.
 14143 | Lair:1   | Entered Level 1 of the Lair of Beasts
 14143 | Lair:1   | Noticed an eight-headed hydra
 14162 | D:9      | Killed a one-headed hydra
 14332 | Lair:1   | Noticed Joseph
 14339 | Lair:1   | Killed Joseph
 14375 | Lair:1   | Noticed Nergalle
 14397 | Lair:1   | Killed Nergalle
 14397 | Lair:1   | Reached ***** piety under Okawaru
 14473 | Lair:1   | Noticed a six-headed hydra
 14488 | Lair:1   | Killed a one-headed hydra
 15028 | Lair:1   | Noticed Harold
 15049 | Lair:1   | Killed Harold
 15049 | Lair:1   | Received a gift from Okawaru
 15058 | Lair:1   | Got an ichor-stained cloak {god gift}
 15142 | Lair:1   | Identified the +0 cloak "Abbost" {MR- Dex+4 Slay+6} (Okawaru gifted it to you on level 1 of the Lair of Beasts)
 15695 | Lair:2   | Reached XP level 13. HP: 81/84 MP: 16/16
 15766 | Lair:2   | Noticed Sonja
 15772 | Lair:2   | Killed Sonja
 15850 | Lair:2   | Reached skill level 5 in Invocations
 16770 | Lair:3   | Found a dark tunnel.
 16776 | Volcano  | Entered a volcano
 17363 | Volcano  | Killed from afar by a lindwurm

Skill      XL: |  1  2  3  4  5  6  7  8  9 10 11 12 13 |
---------------+----------------------------------------+-----
Maces & Flails | 4 5 7 9 10 11 12 | 12.9
Fighting       | 4 5 6 7 8 9 11 | 11.5
Armour         | 4 5 6 7 8 9 11 | 11.5
Shields        | 4 5 6 7 8 9 10 11 | 11.0
Invocations    | 2 4 5 |  5.4

Action                   |  1- 3 |  4- 6 |  7- 9 | 10-12 | 13-15 || total
-------------------------+-------+-------+-------+-------+-------++-------
Melee: Flail             |   114 |   153 |       |       |       ||   267
       Whip              |       |    67 |   530 |   879 |   250 ||  1726
       Mace              |       |    55 |       |       |       ||    55
       Falchion          |       |       |       |    47 |    13 ||    60
Invok: Heroism           |       |       |       |    30 |     9 ||    39
       Finesse           |       |       |       |       |     1 ||     1
Evoke: Wand              |       |       |       |     6 |       ||     6
  Use: Scroll            |     2 |       |    10 |     5 |     1 ||    18
       Potion            |     1 |     1 |     3 |     3 |     2 ||    10
 Stab: Invisible         |       |       |       |     4 |       ||     4
  Eat: Chunk             |     1 |     7 |    10 |    24 |     4 ||    46
       Ration            |       |     1 |       |     1 |     1 ||     3
Armor: Scale mail        |    58 |       |       |       |       ||    58
       Chain mail        |    13 |   177 |       |       |       ||   190
       Plate armour      |       |    28 |   363 |   191 |       ||   582
       Ice dragon scales |       |       |       |   207 |    40 ||   247
Dodge: Dodged            |    36 |    64 |    90 |   165 |    38 ||   393
Block: Shield            |    64 |   158 |   258 |   590 |    98 ||  1168
       Reflection        |       |       |       |    47 |     2 ||    49
       Rpst.: Falchion   |       |       |       |     1 |       ||     1
